Map: Kairos Junction LE

Players

Vaisravana

  • Race: Zerg Zerg
  • Spawn Location: 5:00

A.I. 1 (Very Easy) - Winner!

  • Race: Terran Terran
  • Spawn Location: 11:00

VOD

Have the link to the VOD?

Description

Time

  • Played on: June 9, 2019, 2:07 p.m.
  • Length: 4:00
Show
View Real Time Build Order
Export as new Build Order

Vaisravana Zerg 

Build Orders: Pool First 

Get SALT Encoding   

  12  0:02  Drone  
  13  0:12  Overlord  
  13  0:17  Drone  
  14  0:30  Drone x2  
  16  0:37  Drone  
  17  0:44  Extractor  
  17  0:46  Drone  
  17  0:51  Spawning Pool  
  17  0:56  Drone  
  17  1:16  Hatchery  
  16  1:20  Drone  
  16  1:23  Drone  
  18  1:31  Drone  
  19  1:39  Queen  
  19  1:42  Zergling x2  
  22  1:49  Metabolic Boost  
  22  2:01  Roach Warren  
  22  2:04  Drone  
  22  2:09  Overlord  
  22  2:19  Overlord  
  22  2:48  Roach  
  22  2:49  Roach x5  
  22  2:51  Roach  
  36  2:59  Roach  
  38  3:06  Overlord  
  38  3:08  Zergling x2  
  38  3:11  Zergling x2  
  40  3:16  Zergling x4  
  42  3:22  Zergling x4  
  44  3:33  Zergling x4  
  46  3:40  Ravager  
  47  3:43  Zergling x4  
Show
View Real Time Build Order
Export as new Build Order

A.I. 1 (Very Easy) Terran - Winner!

Build Orders:  

Get SALT Encoding   

  12  0:00  SCV  
  13  0:13  SCV  
  14  0:18  Supply Depot  
  14  0:37  Refinery  
  14  0:41  Barracks  
  14  1:04  Supply Depot  
  14  1:12  Refinery  
  14  1:27  Marine  
  14  1:30  Orbital Command  
  15  1:56  SCV  
  17  2:08  SCV  
  17  2:15  Barracks Tech Lab  
  17  2:20  SCV  
  18  2:32  SCV  
  18  2:33  Marauder  
  21  2:44  SCV  
  22  2:57  SCV  
  23  3:21  Marine  
  24  3:54  Supply Depot  
Tags
 
Add a new tag
Caveats
  • Supply blocks, unpowered buildings, or Contaminate may cause inaccurate times.
  • Supply counts are checked every 10 seconds.